 Dungeon Crawl Stone Soup version 0.29.1-12-g30fa7ad0bf (webtiles) character file.

Game seed: 12588093042301850980

213 kingofthe the Ducker (level 5, -8/28 HPs)
             Began as a Deep Elf Venom Mage on Jan 17, 2023.
             Mangled by an ogre
             ... wielding a +0 giant spiked club
              (36 damage)
             ... on level 4 of the Dungeon.
             The game lasted 00:16:42 (4587 turns).

kingofthe the Ducker (Deep Elf Venom Mage)          Turns: 4587, Time: 00:16:42

Health: -8/28      AC:  6    Str:  5    XL:     5   Next: 59%
Magic:  6/13       EV: 13    Int: 20    God:
Gold:   191        SH:  0    Dex: 17    Spells: 5/12 levels left

rFire   . . .      SeeInvis .   o - +1 dagger (speed)
rCold   . . .      Faith    .   (no shield)
rNeg    . . .      Spirit   .   m - +1 leather armour {rPois}
rPois   +          Reflect  .   s - +0 helmet
rElec   .          Harm     .   (no cloak)
rCorr   .          Rampage  .   l - +0 pair of gloves
Will    .....                   (no boots)
Stlth   ++........              (no amulet)
HPRegen 0.09/turn               (no ring)
MPRegen 0.13/turn               (no ring)

@: very slightly contaminated
A: no striking features
a: no special abilities


You were on level 4 of the Dungeon.
You visited 1 branch of the dungeon, and saw 4 of its levels.

You collected 191 gold pieces.

Inventory:

Hand Weapons
 o - a +1 dagger of speed (weapon)
 p - the +3 sling of Rubbeu {flame, Int+4}
   (You found it on level 3 of the Dungeon)

   Any ammunition fired from it burns those it strikes, dealing additional fire
   damage.
   Int:       It affects your intelligence (+4).
Armour
 a - a +0 robe
 g - the +2 ring mail of Oklux {rCorr}
   (You found it on level 2 of the Dungeon)

   rCorr:     It protects you from acid and corrosion.
 l - a +0 pair of gloves (worn)
 m - a +1 leather armour of poison resistance (worn)
 s - a +0 helmet (worn)
Scrolls
 c - 3 scrolls of identify {unknown}
 f - a scroll of silence {unknown}
 h - 2 scrolls of enchant weapon {unknown}
 i - 2 scrolls of immolation {unknown}
 j - a scroll of summoning {unknown}
 q - 2 scrolls of teleportation {unknown}
 r - a scroll of magic mapping {unknown}
Potions
 b - a potion of magic
 d - a potion of attraction {unknown}
 e - a potion of curing {unknown}
 k - a potion of might {unknown}
 n - a potion of brilliance {unknown}
 t - a potion of lignification {unknown}


   Skills:
 * Level 1.1 Armour
 + Level 4.4 Dodging
 - Level 3.5 Stealth
 + Level 4.4 Spellcasting
 - Level 1.1 Transmutations
 - Level 1.1 Ice Magic
 + Level 4.2 Poison Magic


You had 5 spell levels left.
You knew the following spells:

 Your Spells              Type           Power      Damage    Failure   Level
a - Sting                 Tmut/Pois      60%        1d6       7%          1
b - Poisonous Vapours     Pois/Air       24%        N/A       13%         2
c - Mephitic Cloud        Conj/Pois/Air  10%        N/A       32%         3
d - Freeze                Ice            36%        1d6       12%         1

Your spell library contained the following spells:

 Spells                   Type           Power      Damage    Failure   Level
 Olgreb's Toxic Radiance  Pois           21%        N/A       34%         4
 Frozen Ramparts          Ice            18%        1d3       36%         3
 Hailstorm                Conj/Ice       6%         3d4       83%         4


Dungeon Overview and Level Annotations

Branches:
Dungeon (4/15)
 Temple: D:4-7

Altars:
Elyvilon

Shops:
D:4 :


Message History

An ogre comes into view. It is wielding a +0 giant spiked club.
Casting: Sting (safe; 7% risk of failure)
Confirm with . or Enter, or press ? or * to list all spells.
Aiming: Poisonous Vapours (safe; 13% risk of failure)
Press: ? - help, Dir - move target, f - ogre
Aim: an ogre, wielding a +0 giant spiked club (asleep) Poisonous vapours surround the ogre!
The ogre is poisoned.
Casting: Poisonous Vapours (safe; 13% risk of failure)
Confirm with . or Enter, or press ? or * to list all spells.
Aiming: Poisonous Vapours (safe; 13% risk of failure)
Press: ? - help, Dir - move target, f/p - ogre
Aim: an ogre, wielding a +0 giant spiked club (poisoned)
You miscast Poisonous Vapours.
You are very lightly contaminated with residual magic.
Nothing appears to happen.
Casting: Poisonous Vapours (safe; 13% risk of failure)
Confirm with . or Enter, or press ? or * to list all spells.
Aiming: Poisonous Vapours (safe; 13% risk of failure)
Press: ? - help, Dir - move target, f/p - ogre
Aim: an ogre, wielding a +0 giant spiked club (lightly wounded, poisoned)
You miscast Poisonous Vapours.
Nothing appears to happen.
Casting: Poisonous Vapours (safe; 13% risk of failure)
Confirm with . or Enter, or press ? or * to list all spells.
Aiming: Sting (safe; 7% risk of failure)
Press: ? - help, Shift-Dir - straight line, f/p - ogre
Aim: an ogre, wielding a +0 giant spiked club (lightly wounded, poisoned, 88% to hit)
The sting hits the ogre but does no damage.
The ogre looks even sicker.
The ogre is lightly wounded.
Casting: Sting (safe; 7% risk of failure)
Confirm with . or Enter, or press ? or * to list all spells.
Aiming: Sting (safe; 7% risk of failure)
Press: ? - help, Shift-Dir - straight line, f/p - ogre
Aim: an ogre, wielding a +0 giant spiked club (lightly wounded, very poisoned, 88% to hit)
The sting hits the ogre but does no damage.
The ogre looks even sicker.
The ogre is lightly wounded.
The ogre hits you with a +0 giant spiked club!!!
Ouch! That really hurt!
You die...

#.....~♣....#.#
#######..##.##.####.#
#...................#
#.# ###...#.#########
..# #.....# #O#
#.#.### #.# #...#
#.#####.### #...O@..#
#########


You could see an ogre (very poisoned).

Vanquished Creatures
  A scorpion (D:4)
  3 gnolls
  5 adders
  A worm (D:2)
  2 dart slugs
  3 orcs (D:3)
  7 bats
  5 endoplasms
  7 goblins
  4 hobgoblins
  5 jackals
  3 quokkas
  8 ball pythons
  5 frilled lizards
  5 kobolds
  5 rats
69 creatures vanquished.

Vanquished Creatures (others)
  5 plants (D:4)
5 creatures vanquished.

Grand Total: 74 creatures vanquished

Notes
Turn   | Place    | Note
-------+----------+-------------------------------------------
     0 | D:1      | kingofthe the Deep Elf Venom Mage began the quest for the
                  | Orb.
     0 | D:1      | Reached XP level 1. HP: 10/10 MP: 6/6
   433 | D:1      | Found a faded altar of an unknown god.
   438 | D:1      | Reached XP level 2. HP: 15/15 MP: 4/8
   479 | D:1      | Learned a level 2 spell: Poisonous Vapours
  1370 | D:2      | Identified the +2 ring mail of Oklux {rCorr}
  1764 | D:2      | Reached XP level 3. HP: 19/19 MP: 4/9
  2401 | D:2      | Learned a level 1 spell: Freeze
  2690 | D:3      | Reached XP level 4. HP: 24/24 MP: 1/11
  2792 | D:3      | Identified the +3 sling of Rubbeu {flame, Int+4}
  3246 | D:3      | Found a white marble altar of Elyvilon.
  3361 | D:2      | Reached skill level 1 in Ice Magic
  3471 | D:3      | Learned a level 3 spell: Mephitic Cloud
  4032 | D:3      | Reached XP level 5. HP: 25/28 MP: 9/13
  4267 | D:4      | Found Wesaibra's Book Boutique.
  4499 | D:4      | Reached skill level 1 in Armour
  4578 | D:4      | Noticed an ogre
  4587 | D:4      | Mangled by an ogre

Illustrated notes

Levels and vault maps discovered:
D:1:      dpeg_arrival_arbitrary_b, layout_loops_ring,
          shapermc_ecumenical_altar_notcrosses
D:2:      layout_rooms
D:3:      layout_loops_cross, mainiacjoe_overflow_alcove_2
D:4:      layout_loops_corners, kennysheep_mini_moat, serial_shops,
          nicolae_stop_n_shop_1, serial_bayou_ford_a, nicolae_shop_gadgets

Skill      XL: |  1  2  3  4  5 |
---------------+----------------+-----
Stealth        | 3 |  3.5
Dodging        | 3 4 |  4.4
Ice Magic      | 1 |  1.1
Spellcasting   | 4 |  4.4
Poison Magic   | 4 |  4.2
Armour         | 1 |  1.1
Transmutations | |  1.1

Action                   |  1- 3 |  4- 6 || total
-------------------------+-------+-------++-------
 Cast: Sting             |    77 |    59 ||   136
       Poisonous Vapours |    24 |    27 ||    51
Armor: Robe              |     5 |     2 ||     7
       Leather armour    |       |     5 ||     5
Dodge: Dodged            |    27 |    16 ||    43
